[Event "95th Caplin Hastings Congress"]
[Site "Hastings"]
[Date "2019.12.29"]
[Round "2.51"]
[White "Byrn, Carsten"]
[Black "Brouwer, Willem"]
[Result "0-1"]
[ECO "D00"]
[WhiteElo "1919"]
[BlackElo "1662"]
[Annotator "NA"]
[PlyCount "86"]
[EventDate "2019.12.28"]
[EventType "swiss"]
[EventCountry "ENG"]
[SourceTitle "playchess.com"]
[Source "ChessBase"]
[SourceQuality "1"]
[TimeControl "40/6600+30:3000+30"]

1. d4 d5 2. Bg5 Nd7 3. e3 Ngf6 4. f4 e6 5. Nf3 Be7 6. Nbd2 h6 7. Bh4 Ng4 8. Bxe7 Qxe7 9. Qe2 O-O 10. h3 Ngf6 11. Ne5 Nxe5 12. fxe5 Nd7 13. O-O-O c5 14. c3 f6 15. exf6 Nxf6 16. Nf3 Ne4 17. Qe1 c4 18. Be2 Rf6 19. Rf1 Qf8 20. Nd2 Nf2 21. Nf3 Nxd1 22. Bxd1 b5 23. Bc2 a5 24. e4 b4 25. exd5 exd5 26. Qe5 bxc3 27. bxc3 Be6 28. Re1 Bf7 29. Qg3 Bh5 30. Ne5 Rf1 31. Ng4 Rxe1+ 32. Qxe1 Re8 33. Qg3 Bxg4 34. Qxg4 Re3 35. Qg6 Qa3+ 36. Kd1 Qxc3 37. Qh7+ Kf8 38. Qf5+ Ke7 39. Qf2 Qxd4+ 40. Kc1 c3 41. g4 Qe5 42. Qh4+ Qf6 43. g5 Qxg5 0-1

[Event "95th Caplin Hastings Congress"]
[Site "Hastings"]
[Date "2019.12.29"]
[Round "2.52"]
[White "Jennings, Richard"]
[Black "Cresswell, Mike J"]
[Result "1-0"]
[ECO "A49"]
[WhiteElo "1903"]
[BlackElo "1662"]
[Annotator "NA"]
[PlyCount "153"]
[EventDate "2019.12.28"]
[EventType "swiss"]
[EventCountry "ENG"]
[SourceTitle "playchess.com"]
[Source "ChessBase"]
[SourceQuality "1"]
[TimeControl "40/6600+30:3000+30"]

1. d4 Nf6 2. Nf3 g6 3. g3 Bg7 4. Bg2 c6 5. a4 d6 6. O-O O-O 7. a5 Na6 8. Nbd2 Bd7 9. c3 Qc7 10. e4 Rad8 11. Re1 Bc8 12. Qc2 Nd7 13. Nf1 e5 14. Bd2 Rfe8 15. b4 Nf8 16. Ne3 d5 17. exd5 e4 18. d6 Qxd6 19. Ng5 f5 20. Bf1 h6 21. Nh3 Kh7 22. Nf4 Ne6 23. Nc4 Qf8 24. Rad1 Nac7 25. Bg2 Nxf4 26. Bxf4 Nd5 27. Be5 Bxe5 28. Nxe5 Nf6 29. f3 exf3 30. Bxf3 Nd7 31. Nd3 Rxe1+ 32. Rxe1 Re8 33. Qd2 Re7 34. a6 b6 35. Bxc6 Bxa6 36. b5 Bc8 37. c4 Qf6 38. Rxe7+ Qxe7 39. Qe1 Qf6 40. Qe3 Nf8 41. Qe5 Kg7 42. Qc7+ Bd7 43. Qe5 g5 44. Kf2 Kg6 45. Qxf6+ Kxf6 46. d5 Ke7 47. Ke3 Nh7 48. Bxd7 Kxd7 49. Ne5+ Kd6 50. Kd4 Nf6 51. Nf7+ Kd7 52. Nxh6 f4 53. gxf4 gxf4 54. Nf5 Ng4 55. h4 f3 56. Ng3 f2 57. Nf1 Kd6 58. h5 Ke7 59. c5 bxc5+ 60. Kxc5 Kd7 61. Kd4 Kd6 62. Nd2 Kd7 63. Kc5 Nh6 64. Kd4 Ng4 65. Kc4 Ne3+ 66. Kd4 Ng4 67. Kc5 Nh6 68. Kb4 Kd6 69. Ne4+ Kxd5 70. Nxf2 Kd4 71. Ka5 Kc4 72. Ne4 Nf5 73. Ka6 Kb4 74. Nf6 Nh6 75. Nd5+ Kc5 76. Nc3 Ng4 77. Kxa7 1-0

[Event "95th Caplin Hastings Congress"]
[Site "Hastings"]
[Date "2019.12.29"]
[Round "2.53"]
[White "Mineev, Sergey I."]
[Black "Miller, George"]
[Result "1/2-1/2"]
[ECO "D34"]
[WhiteElo "1588"]
[BlackElo "1845"]
[Annotator "NA"]
[PlyCount "132"]
[EventDate "2019.12.28"]
[EventType "swiss"]
[EventCountry "ENG"]
[SourceTitle "playchess.com"]
[Source "ChessBase"]
[SourceQuality "1"]
[TimeControl "40/6600+30:3000+30"]

1. d4 d5 2. c4 e6 3. Nf3 c5 4. cxd5 exd5 5. g3 Nc6 6. Bg2 Nf6 7. O-O Be7 8. dxc5 Bxc5 9. Bg5 Be7 10. Nc3 O-O 11. e3 h6 12. Bxf6 Bxf6 13. Qxd5 Qxd5 14. Nxd5 Bxb2 15. Rab1 Ba3 16. Nd2 Rb8 17. Nf6+ gxf6 18. Bxc6 Bh3 19. Bg2 Bxg2 20. Kxg2 Rfc8 21. Rb3 Be7 22. Rfb1 Rc2 23. R1b2 Rxb2 24. Rxb2 b5 25. Nf3 Bc5 26. Nd4 Bxd4 27. exd4 Rd8 28. Rxb5 Rxd4 29. Ra5 Rd7 30. g4 Kg7 31. Kg3 Kg6 32. Kf4 Rd4+ 33. Kf3 Rd3+ 34. Ke4 Rh3 35. Rxa7 Rxh2 36. Kf3 h5 37. gxh5+ Rxh5 38. Ra8 Rh3+ 39. Kg4 Rh2 40. f3 Rg2+ 41. Kf4 Kg7 42. a4 Rb2 43. Ra6 Re2 44. Rb6 Rh2 45. a5 Rh5 46. a6 Ra5 47. Ke4 Kg6 48. f4 Ra4+ 49. Kd5 Rxf4 50. Kc6 Ra4 51. Kb7 Kg5 52. a7 Rxa7+ 53. Kxa7 f5 54. Rb7 Kf4 55. Rxf7 Ke4 56. Re7+ Kd4 57. Rf7 Ke4 58. Kb6 f4 59. Kc5 f3 60. Kc4 Ke3 61. Re7+ Kd2 62. Kd4 f2 63. Ra7 f1=Q 64. Ra2+ Ke1 65. Ra1+ Kf2 66. Rxf1+ Kxf1 1/2-1/2

[Event "95th Caplin Hastings Congress"]
[Site "Hastings"]
[Date "2019.12.29"]
[Round "2.54"]
[White "Wilson, Matthew R"]
[Black "Kearsley, Raymond J"]
[Result "0-1"]
[ECO "B01"]
[WhiteElo "1837"]
[BlackElo "1624"]
[Annotator "NA"]
[PlyCount "123"]
[EventDate "2019.12.28"]
[EventType "swiss"]
[EventCountry "ENG"]
[SourceTitle "playchess.com"]
[Source "ChessBase"]
[SourceQuality "1"]
[TimeControl "40/6600+30:3000+30"]

1. e4 d5 2. exd5 Nf6 3. Bb5+ Nbd7 4. c4 a6 5. Ba4 b5 6. cxb5 Nb6 7. bxa6+ Nxa4 8. Qxa4+ Bd7 9. Qc4 Qc8 10. Nf3 Rxa6 11. Nc3 g6 12. Ne5 Bg7 13. Nb5 O-O 14. O-O Bxb5 15. Qxb5 Rd8 16. Nc6 Rd7 17. Re1 Bf8 18. Re5 Rb6 19. Qc4 Qb7 20. d4 Nxd5 21. Rxd5 Rxc6 22. Rc5 Rxc5 23. Qxc5 Rd5 24. Qc4 Bg7 25. Be3 Rb5 26. b3 c5 27. Rd1 cxd4 28. Bxd4 Rd5 29. Qa4 e5 30. Qe8+ Bf8 31. Rc1 Rxd4 32. Qxe5 Rd2 33. Qa5 Qd7 34. g3 Qd4 35. Rf1 Bc5 36. Qa8+ Kg7 37. Qf3 Rxa2 38. h4 Rd2 39. h5 Rd3 40. h6+ Kxh6 41. Qg2 Rxb3 42. Re1 Qg4 43. Re4 Bxf2+ 44. Kxf2 Rb2+ 45. Ke1 Rb1+ 46. Kf2 Qf5+ 47. Qf3 Rb2+ 48. Re2 Rxe2+ 49. Kxe2 Qxf3+ 50. Kxf3 Kg5 51. g4 f5 52. gxf5 Kxf5 53. Kg3 h5 54. Kf3 g5 55. Kg3 h4+ 56. Kh3 Kf4 57. Kg2 g4 58. Kf2 h3 59. Kg1 g3 60. Kh1 Kf3 61. Kg1 g2 62. Kh2 0-1

[Event "95th Caplin Hastings Congress"]
[Site "Hastings"]
[Date "2019.12.29"]
[Round "2.55"]
[White "Bryant, Marc A"]
[Black "Dewangan, Aayush"]
[Result "1-0"]
[WhiteElo "1823"]
[BlackElo "1548"]
[Annotator "NA"]
[PlyCount "25"]
[EventDate "2019.12.28"]
[EventType "swiss"]
[EventCountry "ENG"]
[SourceTitle "playchess.com"]
[Source "ChessBase"]
[SourceQuality "1"]
[TimeControl "40/6600+30:3000+30"]

1. e4 c5 2. f4 d6 3. h3 g6 4. Nf3 Bg7 5. d3 Nc6 6. c3 e6 7. Be3 Nge7 8. Be2 O-O 9. g4 f5 10. Nbd2 b6 11. g5 d5 12. e5 Bb7 13. h4 1-0

[Event "95th Caplin Hastings Congress"]
[Site "Hastings"]
[Date "2019.12.29"]
[Round "2.56"]
[White "Stoyanov, Boris"]
[Black "Drastik, Penelope"]
[Result "0-1"]
[ECO "B52"]
[WhiteElo "1504"]
[BlackElo "1821"]
[Annotator "NA"]
[PlyCount "80"]
[EventDate "2019.12.28"]
[EventType "swiss"]
[EventCountry "ENG"]
[SourceTitle "playchess.com"]
[Source "ChessBase"]
[SourceQuality "1"]
[TimeControl "40/6600+30:3000+30"]

1. e4 c5 2. Nf3 d6 3. Bb5+ Bd7 4. Bxd7+ Qxd7 5. O-O Nf6 6. Qe2 Nc6 7. c3 e6 8. d4 cxd4 9. cxd4 d5 10. e5 Ne4 11. Nbd2 Nxd2 12. Bxd2 Be7 13. Rac1 O-O 14. Rc2 f6 15. Re1 Rae8 16. a3 fxe5 17. Nxe5 Nxe5 18. dxe5 Bd8 19. Qg4 Rf5 20. Bc3 Ref8 21. Ree2 Rf4 22. Qg3 Qa4 23. h3 a5 24. Qd3 Bb6 25. Kf1 R4f5 26. Rcd2 Qf4 27. g3 Qh6 28. Kg2 Rh5 29. g4 Rh4 30. Rc2 Qg5 31. Qg3 h5 32. f3 hxg4 33. hxg4 Qe7 34. b4 d4 35. Be1 Rh7 36. Re4 d3 37. Rcc4 Qd7 38. Bd2 Qa4 39. bxa5 Qd1 40. Qe1 Qxf3# 0-1

[Event "95th Caplin Hastings Congress"]
[Site "Hastings"]
[Date "2019.12.29"]
[Round "2.57"]
[White "Salmons, Calum"]
[Black "Ratnesan, Radha"]
[Result "1-0"]
[ECO "C00"]
[WhiteElo "1796"]
[BlackElo "1477"]
[Annotator "NA"]
[PlyCount "71"]
[EventDate "2019.12.28"]
[EventType "swiss"]
[EventCountry "ENG"]
[SourceTitle "playchess.com"]
[Source "ChessBase"]
[SourceQuality "1"]
[TimeControl "40/6600+30:3000+30"]

1. e4 e6 2. Nf3 d5 3. e5 c5 4. b4 c4 5. c3 Ne7 6. d4 Nf5 7. g3 Nc6 8. Bg2 a5 9. b5 Na7 10. a4 f6 11. O-O fxe5 12. Nxe5 g6 13. h4 Bd6 14. Qe2 Bxe5 15. Qxe5 Rf8 16. Re1 Ne7 17. Bg5 Rf7 18. Bh3 Qb6 19. Qh8+ Rf8 20. Qxh7 Qd6 21. Bh6 Rf7 22. Qh8+ Kd7 23. Bxe6+ Qxe6 24. Rxe6 Kxe6 25. Qe5+ Kd7 26. Bg5 Ke8 27. Nd2 Bf5 28. Bxe7 Rxe7 29. Qh8+ Kf7 30. Qxa8 b6 31. Nf3 Be4 32. Re1 Kf6 33. Ng5 Kg7 34. f3 Kf6 35. Qf8+ Rf7 36. Qxf7# 1-0

[Event "95th Caplin Hastings Congress"]
[Site "Hastings"]
[Date "2019.12.29"]
[Round "2.58"]
[White "Thatte, Nishchal"]
[Black "Liu, Tianyi"]
[Result "1-0"]
[ECO "B22"]
[WhiteElo "1723"]
[BlackElo "1307"]
[Annotator "NA"]
[PlyCount "79"]
[EventDate "2019.12.28"]
[EventType "swiss"]
[EventCountry "ENG"]
[SourceTitle "playchess.com"]
[Source "ChessBase"]
[SourceQuality "1"]
[TimeControl "40/6600+30:3000+30"]

1. e4 c5 2. c3 d5 3. exd5 Qxd5 4. d4 Nf6 5. Nf3 Nc6 6. Be3 Bg4 7. dxc5 Qxd1+ 8. Kxd1 Nd5 9. Bd2 e5 10. b4 e4 11. h3 exf3 12. hxg4 fxg2 13. Bxg2 O-O-O 14. Kc2 g6 15. Na3 Nc7 16. Nc4 Rd7 17. Bxc6 bxc6 18. Ne5 Re7 19. Bg5 Rxe5 20. Bf6 Bg7 21. Bxg7 Re2+ 22. Kd3 Rhe8 23. Bd4 R2e7 24. Rxh7 Rd7 25. Rah1 Ne6 26. Rh8 Rxh8 27. Rxh8+ Kb7 28. Kc4 Nd8 29. a4 a6 30. Re8 Ne6 31. Bf6 Nf4 32. b5 axb5+ 33. axb5 Nd5 34. bxc6+ Kxc6 35. Rc8+ Nc7 36. Be5 Re7 37. Rxc7+ Rxc7 38. Bxc7 Kxc7 39. Kd5 Kd7 40. c6+ 1-0

[Event "95th Caplin Hastings Congress"]
[Site "Hastings"]
[Date "2019.12.29"]
[Round "2.59"]
[White "Thatte, Nandinee"]
[Black "Verma, Shlok"]
[Result "0-1"]
[ECO "D20"]
[WhiteElo "1270"]
[BlackElo "1691"]
[Annotator "NA"]
[PlyCount "110"]
[EventDate "2019.12.28"]
[EventType "swiss"]
[EventCountry "ENG"]
[SourceTitle "playchess.com"]
[Source "ChessBase"]
[SourceQuality "1"]
[TimeControl "40/6600+30:3000+30"]

1. d4 d5 2. c4 dxc4 3. Nc3 Nf6 4. e4 e5 5. Nf3 exd4 6. Qxd4 Qxd4 7. Nxd4 Bb4 8. Ndb5 Na6 9. f3 O-O 10. Bf4 c6 11. Nd4 Bc5 12. O-O-O Rd8 13. Be3 Be6 14. Kb1 Bxd4 15. Bxd4 b5 16. Be2 Ne8 17. f4 f5 18. Bf3 fxe4 19. Bxe4 Nb4 20. f5 Bf7 21. g4 Nd5 22. Nxd5 Bxd5 23. Rhe1 Bxe4+ 24. Rxe4 c5 25. Rxe8+ Rxe8 26. Bxc5 Rad8 27. Rh1 a6 28. Bb4 Rd3 29. Bc3 Re4 30. h3 Kf7 31. Kc2 Re2+ 32. Kc1 Rg2 33. Be5 Rf2 34. a3 Rdf3 35. h4 Rf1+ 36. Rxf1 Rxf1+ 37. Kc2 Rh1 38. Kc3 Rxh4 39. Kb4 Rxg4 40. Ka5 Rg5 41. Kxa6 Rxf5 42. Bg3 h5 43. Be1 g5 44. Ka5 h4 45. a4 bxa4+ 46. Kxa4 h3 47. Bg3 g4 48. b4 cxb3 49. Kxb3 Rf3+ 50. Kc4 Rxg3 51. Kd4 h2 52. Ke4 h1=Q+ 53. Kf4 Rf3+ 54. Kxg4 Qg2+ 55. Kh4 Rh3# 0-1

[Event "95th Caplin Hastings Congress"]
[Site "Hastings"]
[Date "2019.12.30"]
[Round "3.2"]
[White "Panchanathan, Magesh Chandran"]
[Black "Edouard, Romain"]
[Result "1/2-1/2"]
[ECO "A28"]
[WhiteElo "2479"]
[BlackElo "2653"]
[Annotator "ChessBase"]
[PlyCount "22"]
[EventDate "2019.12.28"]
[EventType "swiss"]
[EventCountry "ENG"]
[SourceTitle "playchess.com"]
[Source "ChessBase"]
[SourceQuality "1"]
[TimeControl "40/6600+30:3000+30"]

1. c4 e5 2. Nc3 Nf6 3. Nf3 Nc6 4. e3 Bb4 5. Qc2 Bxc3 6. Qxc3 Qe7 7. Be2 d5 8. d4 exd4 9. Nxd4 Nxd4 10. Qxd4 c5 11. Qf4 O-O 1/2-1/2

[Event "95th Caplin Hastings Congress"]
[Site "Hastings"]
[Date "2019.12.30"]
[Round "3.3"]
[White "Van den Doel, Erik"]
[Black "Williams, Simon K"]
[Result "1/2-1/2"]
[ECO "C01"]
[WhiteElo "2589"]
[BlackElo "2461"]
[Annotator "ChessBase"]
[PlyCount "121"]
[EventDate "2019.12.28"]
[EventType "swiss"]
[EventCountry "ENG"]
[SourceTitle "playchess.com"]
[Source "ChessBase"]
[SourceQuality "1"]
[TimeControl "40/6600+30:3000+30"]

1. d4 e6 2. e4 d5 3. exd5 exd5 4. Nf3 Nf6 5. Bg5 Be7 6. Bd3 Bg4 7. O-O Nc6 8. c3 Ne4 9. Bxe7 Qxe7 10. Re1 O-O-O 11. Nbd2 f5 12. Qa4 Bxf3 13. Nxf3 g5 14. Bb5 g4 15. Nd2 Rd6 16. Bxc6 Rxc6 17. Nxe4 fxe4 18. Qxa7 Ra6 19. Qc5 Qf7 20. c4 Rf8 21. Re2 e3 22. Qxd5 exf2+ 23. Kf1 Qxd5 24. cxd5 g3 25. Re3 gxh2 26. Rh3 Rd6 27. Rxh2 Rxd5 28. Rh4 h5 29. Rd1 Rg5 30. Rh2 Kd7 31. Rd3 Rgf5 32. Rhh3 Kd6 33. Rhf3 Kd5 34. Kxf2 Ke4 35. Ke2 Rxf3 36. gxf3+ Kf4 37. Kf2 Rf6 38. Rc3 Rb6 39. b3 c6 40. Rc4 Ra6 41. d5+ Ke5 42. dxc6 Rxa2+ 43. Kg3 bxc6 44. Rxc6 Rb2 45. Rc5+ Kf6 46. Rb5 Rb1 47. Kf4 h4 48. Kg4 Rh1 49. Rf5+ Kg6 50. Rf4 Kg7 51. b4 Kg6 52. Rc4 Kf7 53. f4 h3 54. Kg3 Ke7 55. f5 Kf6 56. Rf4 Rb1 57. Kxh3 Kg5 58. Kg3 Rb3+ 59. Rf3 Rxb4 60. f6 Rb8 61. f7 1/2-1/2

[Event "95th Caplin Hastings Congress"]
[Site "Hastings"]
[Date "2019.12.30"]
[Round "3.5"]
[White "Arkell, Keith C"]
[Black "Stany, G.A."]
[Result "1/2-1/2"]
[ECO "D74"]
[WhiteElo "2453"]
[BlackElo "2526"]
[Annotator "ChessBase"]
[PlyCount "137"]
[EventDate "2019.12.28"]
[EventType "swiss"]
[EventCountry "ENG"]
[SourceTitle "playchess.com"]
[Source "ChessBase"]
[SourceQuality "1"]
[TimeControl "40/6600+30:3000+30"]

1. Nf3 Nf6 2. c4 g6 3. Nc3 d5 4. cxd5 Nxd5 5. g3 Bg7 6. Bg2 Nc6 7. d4 O-O 8. O-O Bf5 9. e3 Nxc3 10. bxc3 Be4 11. Nd2 Bxg2 12. Kxg2 e5 13. Ba3 Re8 14. Qb3 b6 15. Rfd1 Na5 16. Qa4 exd4 17. cxd4 Qd5+ 18. Kg1 Rac8 19. Bb4 Nb7 20. Rac1 a5 21. Ba3 b5 22. Qb3 Qxb3 23. axb3 c5 24. Bxc5 Nxc5 25. dxc5 Red8 26. Ne4 Rxd1+ 27. Rxd1 f5 28. Ng5 Bf6 29. h4 a4 30. bxa4 bxa4 31. Rd6 Ra8 32. Rxf6 a3 33. Rd6 a2 34. Rd1 a1=Q 35. Rxa1 Rxa1+ 36. Kg2 Rc1 37. Ne6 Kf7 38. Ng5+ Kg8 39. Ne6 h6 40. Kf3 Kf7 41. Nd8+ Ke7 42. Nb7 Rc4 43. Ke2 Rc2+ 44. Kf3 Kf6 45. Kg2 Ke5 46. Kf3 Kd5 47. Kg2 Ra2 48. Nd6 Ra5 49. Nc8 Ke6 50. c6 Rc5 51. Na7 Kd6 52. Nc8+ Ke5 53. Na7 Ke4 54. c7 Rxc7 55. Nb5 Rd7 56. Nd4 Rd6 57. Nf3 Kd3 58. Nd4 Rd5 59. Nf3 Ke4 60. Nd4 Rxd4 61. exd4 Kxd4 62. Kf3 g5 63. hxg5 hxg5 64. Ke2 Ke4 65. f3+ Kd4 66. f4 gxf4 67. gxf4 Ke4 68. Kf1 Kxf4 69. Kf2 1/2-1/2

[Event "95th Caplin Hastings Congress"]
[Site "Hastings"]
[Date "2019.12.30"]
[Round "3.6"]
[White "Korneev, Oleg"]
[Black "Terentiev, Sergei"]
[Result "1-0"]
[ECO "B38"]
[WhiteElo "2524"]
[BlackElo "2292"]
[Annotator "ChessBase"]
[PlyCount "75"]
[EventDate "2019.12.28"]
[EventType "swiss"]
[EventCountry "ENG"]
[SourceTitle "playchess.com"]
[Source "ChessBase"]
[SourceQuality "1"]
[TimeControl "40/6600+30:3000+30"]

1. e4 c5 2. Nf3 g6 3. d4 cxd4 4. Nxd4 Bg7 5. c4 Nf6 6. Nc3 O-O 7. Be2 Nc6 8. Be3 d6 9. O-O Bd7 10. Qd2 Ng4 11. Bxg4 Bxg4 12. h3 Bd7 13. Rfd1 f5 14. exf5 gxf5 15. Nde2 Kh8 16. c5 Ne5 17. cxd6 Rg8 18. Bg5 Bf6 19. Bxf6+ exf6 20. Ng3 Qb6 21. Qd4 Bc6 22. Nd5 Qxd4 23. Rxd4 Bxd5 24. Rxd5 f4 25. Nh5 f3 26. g3 Nd7 27. Re1 Rac8 28. Rf5 Rg5 29. Rxg5 fxg5 30. Re7 Rd8 31. g4 h6 32. Kh2 Nf8 33. Nf6 Rxd6 34. Rf7 Rd8 35. Rxb7 a5 36. b3 Rd6 37. Rf7 Rd8 38. Kg3 1-0

[Event "95th Caplin Hastings Congress"]
[Site "Hastings"]
[Date "2019.12.30"]
[Round "3.7"]
[White "Petrov, Vladimir Sergeev"]
[Black "Petrov, Martin"]
[Result "0-1"]
[ECO "B12"]
[WhiteElo "2355"]
[BlackElo "2497"]
[Annotator "ChessBase"]
[PlyCount "53"]
[EventDate "2019.12.28"]
[EventType "swiss"]
[EventCountry "ENG"]
[SourceTitle "playchess.com"]
[Source "ChessBase"]
[SourceQuality "1"]
[TimeControl "40/6600+30:3000+30"]

1. e4 c6 2. d4 d5 3. e5 Bf5 4. Nc3 e6 5. g4 Bg6 6. Nge2 c5 7. Be3 Ne7 8. h4 h5 9. Nf4 cxd4 10. Bxd4 Nbc6 11. Nb5 Nxd4 12. Nd6+ Kd7 13. Qxd4 Nc6 14. Qc3 Bxd6 15. exd6 d4 16. Qd2 Be4 17. Rg1 hxg4 18. Rxg4 Rxh4 19. Rxh4 Qxh4 20. O-O-O Bf3 21. Re1 Qg5 22. c4 Rh8 23. Nd3 Qxd2+ 24. Kxd2 Kxd6 25. b4 b6 26. c5+ bxc5 27. bxc5+ {[%emt 0:00:07] Ke5} 0-1

[Event "95th Caplin Hastings Congress"]
[Site "Hastings"]
[Date "2019.12.30"]
[Round "3.8"]
[White "Bates, Richard A"]
[Black "Hebden, Mark L"]
[Result "1-0"]
[ECO "E63"]
[WhiteElo "2342"]
[BlackElo "2433"]
[Annotator "NA"]
[PlyCount "75"]
[EventDate "2019.12.28"]
[EventType "swiss"]
[EventCountry "ENG"]
[SourceTitle "playchess.com"]
[Source "ChessBase"]
[SourceQuality "1"]
[TimeControl "40/6600+30:3000+30"]

1. d4 Nf6 2. Nf3 g6 3. g3 Bg7 4. c4 O-O 5. Bg2 d6 6. O-O Nc6 7. Nc3 Rb8 8. b3 a6 9. d5 Na5 10. Bg5 c5 11. dxc6 bxc6 12. Rc1 c5 13. Qd2 Nc6 14. Bh6 Qa5 15. Bxg7 Kxg7 16. Qb2 Kg8 17. Rfd1 Bb7 18. h4 Rfd8 19. Ng5 Nb4 20. a3 Bxg2 21. Kxg2 Nc6 22. Nd5 Nxd5 23. cxd5 Ne5 24. h5 Qb5 25. Rc3 c4 26. hxg6 hxg6 27. b4 a5 28. Qd2 axb4 29. axb4 Kf8 30. Qd4 Qb6 31. Qh4 Ke8 32. f4 Nd7 33. Qh7 Nf8 34. Qxf7+ Kd7 35. Rxc4 Re8 36. Qe6+ Nxe6 37. dxe6+ Kd8 38. Nf7# 1-0

[Event "95th Caplin Hastings Congress"]
[Site "Hastings"]
[Date "2019.12.30"]
[Round "3.9"]
[White "Wadsworth, Matthew J"]
[Black "Willow, Jonah B"]
[Result "1/2-1/2"]
[ECO "A04"]
[WhiteElo "2401"]
[BlackElo "2355"]
[Annotator "NA"]
[PlyCount "81"]
[EventDate "2019.12.28"]
[EventType "swiss"]
[EventCountry "ENG"]
[SourceTitle "playchess.com"]
[Source "ChessBase"]
[SourceQuality "1"]
[TimeControl "40/6600+30:3000+30"]

1. Nf3 c5 2. b3 Nc6 3. Bb2 d6 4. d4 cxd4 5. Nxd4 Nf6 6. g3 g6 7. Bg2 Nxd4 8. Bxd4 Bg7 9. c4 O-O 10. Qd2 a6 11. Nc3 Qa5 12. Rd1 Rb8 13. Bxf6 Bxf6 14. Nd5 Qxd2+ 15. Rxd2 Kg7 16. a4 Be6 17. O-O Bxd5 18. Rxd5 b6 19. h4 Rfc8 20. Bh3 Rc5 21. Rc1 a5 22. e4 Rb7 23. Rc2 Rbc7 24. Kg2 h5 25. f4 Rxd5 26. exd5 Bd4 27. Rd2 Bc3 28. Rd3 Bb2 29. g4 hxg4 30. Bxg4 Bc1 31. f5 g5 32. Rd1 Bf4 33. Kf3 Kf6 34. Ke4 Rc8 35. Rh1 Bd2 36. h5 Rh8 37. h6 Rh7 38. Rh5 Be1 39. Be2 Bd2 40. Bg4 Be1 41. Be2 {[%emt 0:50:12] Ke5+} 1/2-1/2

[Event "95th Caplin Hastings Congress"]
[Site "Hastings"]
[Date "2019.12.30"]
[Round "3.11"]
[White "Gormally, Daniel W"]
[Black "Snape, Ian L"]
[Result "1-0"]
[ECO "B04"]
[WhiteElo "2497"]
[BlackElo "2196"]
[Annotator "ChessBase"]
[PlyCount "103"]
[EventDate "2019.12.28"]
[EventType "swiss"]
[EventCountry "ENG"]
[SourceTitle "playchess.com"]
[Source "ChessBase"]
[SourceQuality "1"]
[TimeControl "40/6600+30:3000+30"]

1. e4 Nf6 2. e5 Nd5 3. d4 d6 4. Nf3 Nb6 5. Be2 g6 6. O-O Bg7 7. exd6 cxd6 8. c3 O-O 9. a4 Nc6 10. d5 Nb8 11. a5 N6d7 12. Re1 Nf6 13. c4 Na6 14. Nc3 Bg4 15. Be3 Nd7 16. Nd4 Bxe2 17. Qxe2 Re8 18. Ncb5 Nac5 19. b4 a6 20. bxc5 dxc5 21. Rab1 axb5 22. Nxb5 Qxa5 23. Bf4 Rac8 24. h3 h6 25. Nc7 Rxc7 26. Rb5 Qxb5 27. cxb5 Rcc8 28. d6 e6 29. Rc1 b6 30. Rc2 e5 31. Be3 Re6 32. Qd2 Bf8 33. Bxh6 Rxd6 34. Qg5 Bxh6 35. Qxh6 c4 36. f4 Rf6 37. f5 gxf5 38. Qg5+ Kf8 39. Rd2 c3 40. Rxd7 c2 41. Qc1 e4 42. Rd2 e3 43. Rxc2 Rxc2 44. Qxc2 Re6 45. Qxf5 Ke7 46. Qg5+ f6 47. Qg7+ Kd6 48. Kf1 f5 49. Qd4+ Ke7 50. Ke2 Kf7 51. Qf4 Kg6 52. h4 1-0

[Event "95th Caplin Hastings Congress"]
[Site "Hastings"]
[Date "2019.12.30"]
[Round "3.12"]
[White "Brozel, Sacha"]
[Black "Flear, Glenn C"]
[Result "0-1"]
[ECO "D27"]
[WhiteElo "2188"]
[BlackElo "2440"]
[Annotator "NA"]
[PlyCount "38"]
[EventDate "2019.12.28"]
[EventType "swiss"]
[EventCountry "ENG"]
[SourceTitle "playchess.com"]
[Source "ChessBase"]
[SourceQuality "1"]
[TimeControl "40/6600+30:3000+30"]

1. c4 e6 2. Nf3 d5 3. d4 c6 4. e3 Nf6 5. Bd3 dxc4 6. Bxc4 c5 7. O-O a6 8. Bb3 Nc6 9. Nc3 b5 10. d5 exd5 11. Nxd5 c4 12. Nxf6+ Qxf6 13. Bc2 Bg4 14. Be4 Rd8 15. Qc2 Nb4 16. Qb1 Bc5 17. Nd4 O-O 18. Bxh7+ Kh8 19. Bf5 Rxd4 0-1

[Event "95th Caplin Hastings Congress"]
[Site "Hastings"]
[Date "2019.12.30"]
[Round "3.13"]
[White "Fishbein, Alexander"]
[Black "Bin-Suhayl, Ieysaa"]
[Result "1-0"]
[ECO "E20"]
[WhiteElo "2435"]
[BlackElo "2187"]
[Annotator "NA"]
[PlyCount "55"]
[EventDate "2019.12.28"]
[EventType "swiss"]
[EventCountry "ENG"]
[SourceTitle "playchess.com"]
[Source "ChessBase"]
[SourceQuality "1"]
[TimeControl "40/6600+30:3000+30"]

1. d4 Nf6 2. c4 e6 3. Nc3 Bb4 4. Nf3 c5 5. g3 O-O 6. Bg2 d5 7. cxd5 Nxd5 8. Bd2 Nc6 9. Nxd5 Qxd5 10. Bxb4 cxb4 11. O-O Rd8 12. e3 Qd6 13. Rc1 Bd7 14. Ng5 Qe7 15. Qh5 h6 16. Ne4 b6 17. Rc2 Rac8 18. Rfc1 e5 19. d5 Na5 20. d6 Qe6 21. Rc7 f5 22. Bh3 Rxc7 23. dxc7 Rc8 24. Bxf5 Qe7 25. Nf6+ gxf6 26. Qg4+ Kf8 27. Bxd7 f5 28. Qxf5+ 1-0

[Event "95th Caplin Hastings Congress"]
[Site "Hastings"]
[Date "2019.12.30"]
[Round "3.14"]
[White "Merry, Alan B"]
[Black "Graham, David B"]
[Result "1-0"]
[ECO "E09"]
[WhiteElo "2420"]
[BlackElo "2152"]
[Annotator "NA"]
[PlyCount "99"]
[EventDate "2019.12.28"]
[EventType "swiss"]
[EventCountry "ENG"]
[SourceTitle "playchess.com"]
[Source "ChessBase"]
[SourceQuality "1"]
[TimeControl "40/6600+30:3000+30"]

1. d4 d5 2. c4 e6 3. Nf3 Nf6 4. g3 Be7 5. Bg2 O-O 6. O-O Nbd7 7. Qc2 c6 8. Nbd2 Qc7 9. e4 dxe4 10. Nxe4 Nxe4 11. Qxe4 Nf6 12. Qc2 b6 13. Bf4 Bd6 14. Bxd6 Qxd6 15. Rfd1 Bb7 16. c5 Qc7 17. Rac1 Rfd8 18. Ne5 Rac8 19. b4 Nd5 20. Qb3 f6 21. Nc4 b5 22. Nd6 Rxd6 23. cxd6 Qxd6 24. a4 a6 25. Bxd5 exd5 26. Re1 Rf8 27. Qc3 bxa4 28. Qc5 Qxc5 29. bxc5 Bc8 30. Ra1 Bf5 31. Rxa4 Bd3 32. Ra3 Bb5 33. Rae3 g6 34. Re8 a5 35. R1e7 Rxe8 36. Rxe8+ Kf7 37. Ra8 a4 38. Ra7+ Ke6 39. Rxh7 Kf5 40. f3 g5 41. h3 Kg6 42. Ra7 f5 43. f4 gxf4 44. gxf4 Kh6 45. Kf2 Kg6 46. Ke3 Kh5 47. Rh7+ Kg6 48. Rb7 Kh5 49. Rxb5 cxb5 50. Kd3 1-0